 Dungeon Crawl Stone Soup version 0.32-a0-636-g4925a30cd0 (webtiles) character file.

Game seed: 9538509297836972276

60 Kenran the Ruffian (level 3, 0/26 HPs)
             Began as a Minotaur Summoner on Mar 7, 2024.
             Slain by Robin
             ... wielding a +2 falchion of flaming
              (1 damage)
             ... on level 2 of the Dungeon.
             The game lasted 00:01:53 (1634 turns).

Kenran the Ruffian (Minotaur Summoner)              Turns: 1634, Time: 00:01:54

Health: 0/26       AC:  7    Str: 14    XL:     3   Next: 80%
Magic:  4/4        EV:  9    Int: 12    God:
Gold:   26         SH:  0    Dex: 10    Spells: 3/4 levels left

rFire   . .          .
                       - Unarmed
rCold   . . .        (no shield)
rNeg    . . .        f - +0 scale mail
rPois   .            (helmet restricted)
rElec   .            (no cloak)
rCorr   .            (no gloves)
SInv    .            h - +0 pair of boots
Will    .....        (no amulet) Stlth
                     (no ring)
HPRegen 0.24/turn    (no ring)
MPRegen 0.09/turn

%: no passive effects
@: no status effects
A: horns 2, retaliatory headbutt
a: no special abilities


You were on level 2 of the Dungeon.
You visited 1 branch of the dungeon, and saw 2 of its levels.

You collected 26 gold pieces.

Inventory:

Armour
 f - a +0 scale mail (worn)
 h - a +0 pair of boots (worn)
Scrolls
 d - a scroll of identify {unknown}
 e - a scroll of fog {unknown}
Potions
 a - 3 potions of brilliance {unknown}
 b - a potion of magic
 c - a potion of degeneration {unknown}
 g - a potion of heal wounds {unknown}


   Skills:
 - Level 2.1 Dodging
 - Level 1.5 Stealth
 + Level 3.9 Unarmed Combat
 - Level 1.3 Spellcasting
 - Level 2.9 Summonings


You had 3 spell levels left.
You knew the following spells:

 Your Spells              Type           Power      Damage    Failure   Level
a - Summon Small Mammal   Summ           28%        N/A       36%         1

Your spell library contained the following spells:

 Spells                   Type           Power      Damage    Failure   Level
 Call Imp                 Summ           14%        N/A       52%         2
 Call Canine Familiar     Summ           7%         N/A       75%         3
 Sublimation of Blood     Necr           0%         N/A       89%         2
 Tukima's Dance           Hex            0%         N/A       98%         3
 Passage of Golubria      Tloc           0%         N/A       100%        4
 Petrify                  Alch/Erth      0%         N/A       100%        4
 Summon Blazeheart Golem  Fire/Summ      4%         N/A       100%        4
 Summon Lightning Spire   Summ/Air       4%         N/A       100%        4
 Irradiate                Conj/Alch      0%         3d11      100%        5
 Yara's Violent Unravell  Hex/Alch       0%         3d3       100%        5
 Summon Hydra             Summ           3%         N/A       100%        7


Dungeon Overview and Level Annotations

Branches:
Dungeon (2/15)

Altars:

Annotations:
D:2 Robin


Innate Abilities, Weirdness & Mutations

You have a pair of horns on your head.
You reflexively headbutt those who attack you in melee.


Message History

You kill the hobgoblin!
Robin throws the goblin at you!
You barely miss the goblin. Your headbutt misses the goblin.
The goblin hits you with a +0 club. The goblin hits you but does no damage.
You hit the goblin but do no damage. Your headbutt misses the goblin.
The goblin hits you with a +0 club. The goblin hits you but does no damage.
You barely miss the goblin. Your headbutt misses the goblin.
The goblin hits you but does no damage. x2
You closely miss the goblin. The goblin hits you but does no damage.
The goblin hits you with a +0 dagger.
You closely miss the goblin. You punch the goblin.
You kill the goblin!
The goblin barely misses you. You furiously retaliate!
You headbutt the goblin!
You kill the goblin!
Things that are here:
a +0 dagger; 6 stones; a goblin corpse You closely miss Robin.
You barely miss Robin. Your headbutt misses Robin. Robin closely misses you.
You hit Robin. You headbutt Robin.
Robin is heavily wounded.
Robin hits you with a +2 falchion of flaming.
Robin burns you.
You barely miss Robin.
Robin is heavily wounded.
Robin hits you with a +2 falchion of flaming.
Robin burns you.
* * * LOW HITPOINT WARNING * * *
You hit Robin.
Robin is heavily wounded.
Robin hits you with a +2 falchion of flaming.
* * * LOW HITPOINT WARNING * * *
Robin burns you.
* * * LOW HITPOINT WARNING * * *
You completely miss Robin. Your headbutt misses Robin.
Robin is heavily wounded.
Robin hits you with a +2 falchion of flaming.
* * * LOW HITPOINT WARNING * * *
Robin burns you.
You die...
Robin calls out, "Let's celebrate!
Time for a feast!"

....†...# #.# #.#
...†....# #.# #.#
........# #.# #.#
........# #.# #.#
....#..## #.# #.#
#...#..# #.# ....#..#
#.#
....#..############.#
#...#........))g@...#
....gg.##############
#..g"........
...##..#####. #g #..#
. ...# ..... ....#
..#.#


You could see Robin.

Vanquished Creatures
  An adder (D:2)
  4 dart slugs
  A ribbon worm (D:2)
  3 giant cockroaches
  7 goblins
  5 hobgoblins
  3 jackals (D:1)
  A quokka (D:1)
  4 ball pythons (D:1)
  2 frilled lizards (D:1)
  3 kobolds
  A rat (D:1)
35 creatures vanquished.

Vanquished Creatures (collateral kills)
  A ball python (D:1)
1 creature vanquished.

Grand Total: 36 creatures vanquished

Notes
Turn   | Place    | Note
-------+----------+-------------------------------------------
     0 | D:1      | Kenran the Minotaur Summoner began the quest for the Orb.
     0 | D:1      | Reached XP level 1. HP: 14/14 MP: 1/1
   345 | D:1      | Reached skill level 1 in Unarmed Combat
   394 | D:1      | Reached XP level 2. HP: 19/20 MP: 3/3
   398 | D:1      | Reached skill level 2 in Unarmed Combat
   785 | D:1      | Reached skill level 3 in Unarmed Combat
   785 | D:1      | Reached XP level 3. HP: 23/26 MP: 4/4
  1599 | D:2      | Noticed Robin
  1634 | D:2      | HP: 1/26 [Robin/+2 falchion of flaming (3)]
  1634 | D:2      | Slain by Robin

Illustrated notes

Levels and vault maps discovered:
D:1:      co_arrival_random_square_maze, layout_loops_ring,
          chequers_serial_rivers_micro_a, kennysheep_pointless_box,
          corexii_item_surrounded_by_moat, nicolae_houndstooth_variations
D:2:      layout_basic, shapermc_ecumenical_altar_mp_urbaneastern,
          hangedman_decor_opposing, uniq_robin

Skill      XL: |  1  2 |
---------------+-------+-----
Unarmed Combat | 1 3 |  3.9
Dodging        | |  2.1
Stealth        | |  1.5
Spellcasting   | |  1.3
Summonings     | |  2.9

Action                     || total
---------------------------++-------
  Melee: Unarmed           ||   108
         Headbutt          ||    18
         Punch             ||     1
   Cast: Summon Small Mamm ||     1
 Armour: Robe              ||    10
         Leather armour    ||    11
         Ring mail         ||    21
         Scale mail        ||    41
  Dodge: Dodged            ||    58

Table legend: (Time is in decaauts)
 A = Elapsed time spent in this place.
 B = Non-inter-level travel time spent in this place.
 C = Inter-level travel time spent in this place.
 D = Time resting spent in this place.
 E = Time spent auto-exploring this place.
 F = Levels seen in this place.
 G = Mean time per level.
                   A        B        C        D        E       F      G
               +--------+--------+--------+--------+--------+-----+--------+
         Total |   1629 |   1540 |     89 |     96 |   1122 |   2 |  814.5 |
       Dungeon |   1629 |   1540 |     89 |     96 |   1122 |   2 |  814.5 |
               +--------+--------+--------+--------+--------+-----+--------+

Top non-repeatable levels by time:
     D:1: 1186 daAuts
     D:2: 442 daAuts
